 Dungeon Crawl Stone Soup version 0.30-a0-782-ge64f9170bb (webtiles) character file.

Game seed: 798594719542279549

3982 mopl the Covert (level 10, -2/65 (66) HPs)
             Began as an Octopode Brigand on Mar 16, 2023.
             Slain by a sky beast (5 damage)
             ... on level 6 of the Dungeon.
             The game lasted 00:19:06 (7368 turns).

mopl the Covert (Octopode Brigand)                  Turns: 7368, Time: 00:19:07

HP:   -2/65 (66)    AC:  1    Str: 10    XL:     10   Next: 22%
MP:   10/10         EV: 15    Int: 18    God:
Gold: 12            SH:  0    Dex: 14    Spells: 9/9 levels left

rFire   . . .      SeeInvis .    z - +2 trident (venom)
rCold   . . .      Faith    .    (no shield)
rNeg    . . .      Spirit   .    (helmet restricted)
rPois   .          Reflect  .    j - amulet of the acrobat
rElec   .          Harm     .    (no ring)
rCorr   .          Rampage  .    (no ring)
Will    .....                    (no ring)
Stlth   ++++++                   (no ring)
HPRegen 0.30/turn                (no ring)
MPRegen 0.12/turn                (no ring)
                                 (no ring)
                                 (no ring)

@: lightly drained
A: almost no armour, amphibious, 8 rings, camouflage 1, gelatinous body 1,
(nimble swimmer 1), tentacles
a: no special abilities


You were on level 6 of the Dungeon.
You visited 1 branch of the dungeon, and saw 7 of its levels.
You also visited: Sewer and Ossuary.

You collected 235 gold pieces.
You spent 223 gold pieces at shops.

Inventory:

Hand Weapons
 a - a +2 dagger
 m - a +0 dagger of speed
 p - a +6 war axe of freezing
 z - a +2 trident of venom (weapon)
Missiles
 b - 17 poisoned darts (quivered)
 C - 3 javelins
 J - 2 curare-tipped darts
Magical Staves
 A - a staff of earth
Jewellery
 j - an amulet of the acrobat (around mantle)
 y - an amulet of faith {!P}
Wands
 c - a wand of flame (22)
 s - a wand of roots (1)
 t - a wand of polymorph (17)
 D - a wand of charming (5)
 F - a wand of digging (6)
 G - a wand of light (3)
Scrolls
 d - 2 scrolls of vulnerability {unknown}
 e - 2 scrolls of immolation {unknown}
 h - 5 scrolls of identify
 k - 2 scrolls of blinking {unknown}
 l - 2 scrolls of poison {unknown}
 n - 2 scrolls of brand weapon {unknown}
 o - 2 scrolls of enchant armour {unknown}
 r - 4 scrolls of amnesia {unknown}
 w - a scroll of fear {unknown}
 x - 2 scrolls of summoning {unknown}
 B - 2 scrolls of enchant weapon {unknown}
 E - a scroll of torment {unknown}
 I - a scroll of teleportation {unknown}
Potions
 f - 3 potions of resistance
 g - 6 potions of curing
 i - 3 potions of flight
 q - 4 potions of cancellation
 u - 2 potions of brilliance
 v - 2 potions of might
 H - a potion of invisibility
 K - a potion of haste
 L - a potion of ambrosia


   Skills:
 + Level 5.4 Fighting
 + Level 7.0 Short Blades
 + Level 6.8 Throwing
 + Level 5.0 Dodging
 + Level 10.9 Stealth
 + Level 5.2 Evocations


You had 9 spell levels left.
You didn't know any spells.
Your spell library contained the following spells:

 Spells                   Type           Power      Damage    Failure   Level
 Frozen Ramparts          Ice            0%         1d1       54%         3
 Ice Form                 Ice/Tmut       0%         N/A       91%         4
 Summon Ice Beast         Ice/Summ       0%         N/A       91%         4


Dungeon Overview and Level Annotations

Branches:
Dungeon (7/15)              Sewer (visited)         Ossuary (visited)
 Temple: D:4-7

Altars:
Gozag
Qazlal
Ru

Shops:
D:1 *[?


Innate Abilities, Weirdness & Mutations

You cannot wear most types of armour.
You are amphibious.
You can wear up to eight rings at the same time.
Your skin changes colour to match your surroundings (Stealth+).
Your rubbery body absorbs attacks. (AC +1, EV +1)
((You are camouflaged when in or above water. (Stealth+)))
You have tentacles for arms and can constrict up to eight enemies at once.


Message History

Attack!
Your bullfrog zombie hits the wight.
Your bullfrog zombie hits the wight.
The wight barely misses your bullfrog zombie.
Your bullfrog zombie hits the wight but does no damage.
The wight hits your bullfrog zombie with a +0 hand axe!
Your bullfrog zombie hits the wight.
The wight hits your bullfrog zombie with a +0 hand axe!
Your bullfrog zombie hits the wight.
The sky beast flickers out of sight!
Deactivating autopickup; reactivate with Ctrl-A.
Something misses you. Something closely misses you.
There is a stone staircase leading up here.
A sky beast appears from thin air!
Reactivating autopickup.
The sky beast barely misses you.
You climb upwards.
There is a stone staircase leading down here.
Your +2 trident of venom begins to drip with poison!
z - a +2 trident of venom (weapon)
The sky beast hits you.
* * * LOW HITPOINT WARNING * * *
The sky beast shocks you.
* * * LOW HITPOINT WARNING * * *
You hit the sky beast.
The sky beast is lightly wounded.
The sky beast closely misses you.
You hit the sky beast but do no damage.
The sky beast is lightly wounded.
The sky beast closely misses you.
You barely miss the sky beast. Your squeeze misses the sky beast.
The sky beast is lightly wounded.
The sky beast hits you.
* * * LOW HITPOINT WARNING * * *
The sky beast shocks you.
* * * LOW HITPOINT WARNING * * *
The sky beast hits you.
* * * LOW HITPOINT WARNING * * *
The sky beast shocks you.
You die...

#.##.##.#........
#....##.##......#
#..####.##......#
#..####.####.####
##.......# ####..
#.......########..
#.#.###.......##..
#####.#.###.......##.#
#....@.........>..##.#
#.###Y...##..........#
#.###....##.......##.#
#.##.<............##..
#.##.#..###.##########
#.##.#..###.#
#....[......#
#......######
#.##.......#


You could see a sky beast.

Vanquished Creatures
  A two-headed ogre (D:7)
  Grinder (Sewer)
  2 wraiths (Ossuary)
  A steam dragon (D:6)
  Edmund (D:5)
  Duvessa (D:6)
  An orc warrior (D:7)
  A sky beast (D:7)
  An ogre (D:5)
  2 phantoms
  A kobold brigand (Sewer)
  3 necrophages
  6 scorpions
  5 wights
  Dowan (D:6)
  6 howler monkeys
  2 bullfrog zombies (D:7)
  3 centaur zombies (D:7)
  3 hounds
  A gnoll bouda (D:4)
  2 orc priests
  4 iguanas
  8 orc wizards
  2 howler monkey zombies (D:7)
  6 adders
  14 gnolls
  A shadow imp (Sewer)
  5 ufetubi
  An adder zombie (Ossuary)
  2 worms
  2 dart slugs
  19 orcs
  13 ball pythons
  4 bats
  3 endoplasms (Sewer)
  5 giant cockroaches
  9 goblins
  10 hobgoblins
  9 jackals
  6 quokkas
  3 ball python skeletons (Ossuary)
  3 frilled lizards
  A hobgoblin zombie (Ossuary)
  22 kobolds
  A kobold zombie (Ossuary)
  An orc skeleton (Ossuary)
  3 orc zombies (Ossuary)
  6 rats
208 creatures vanquished.

Vanquished Creatures (others)
  A bullfrog zombie (D:7)
  4 withered plants (D:7)
5 creatures vanquished.

Grand Total: 213 creatures vanquished

Notes
Turn   | Place    | Note
-------+----------+-------------------------------------------
     0 | D:1      | mopl the Octopode Brigand began the quest for the Orb.
     0 | D:1      | Reached XP level 1. HP: 14/14 MP: 1/1
   145 | D:1      | Reached XP level 2. HP: 19/19 MP: 2/2
   168 | D:1      | Found Eceeghuq's Armour Emporium.
   238 | D:1      | Found Plog's Assorted Antiques.
   411 | D:1      | Found Bojay's Magic Scroll Emporium.
   423 | D:1      | Reached XP level 3. HP: 24/24 MP: 3/3
   469 | D:1      | Found a faded altar of an unknown god.
   938 | D:2      | Reached skill level 6 in Stealth
  1198 | D:2      | Reached XP level 4. HP: 29/29 MP: 4/4
  1213 | D:2      | Reached skill level 3 in Throwing
  1405 | D:1      | Bought a scroll of noise for 14 gold pieces
  1462 | D:3      | Reached skill level 3 in Short Blades
  1652 | D:3      | Reached XP level 5. HP: 33/34 MP: 5/5
  1667 | D:3      | Found a glowing drain.
  1671 | Sewer    | Entered a sewer
  1798 | Sewer    | Found an ancient bone altar of Kikubaaqudgha.
  1799 | Sewer    | Noticed a kobold brigand
  1960 | Sewer    | Killed a kobold brigand
  1961 | Sewer    | Reached skill level 7 in Stealth
  1961 | Sewer    | Reached XP level 6. HP: 33/39 MP: 6/6
  2125 | Sewer    | Reached skill level 4 in Short Blades
  2125 | Sewer    | Reached skill level 4 in Throwing
  2421 | Sewer    | Noticed Grinder
  2433 | Sewer    | Paralysed by Grinder for 3 turns
  2438 | Sewer    | Paralysed by Grinder for 2 turns
  2450 | Sewer    | Killed Grinder
  2451 | Sewer    | Reached skill level 8 in Stealth
  2451 | Sewer    | Reached XP level 7. HP: 45/45 MP: 7/7
  2799 | D:1      | Bought a bubbling red potion for 28 gold pieces
  2799 | D:1      | Bought 2 fuming brown potions for 57 gold pieces
  2914 | D:4      | Found a sacrificial altar of Ru.
  2914 | D:4      | Found an opulent altar of Gozag.
  3315 | D:5      | Entered Level 5 of the Dungeon
  3389 | D:5      | Reached skill level 5 in Short Blades
  3389 | D:5      | Reached skill level 5 in Throwing
  3389 | D:5      | Reached skill level 1 in Evocations
  3611 | D:4      | Reached XP level 8. HP: 30/51 MP: 8/8
  3721 | D:5      | Noticed Edmund
  3732 | D:5      | Killed Edmund
  3733 | D:5      | Reached skill level 2 in Dodging
  3845 | D:5      | Reached skill level 9 in Stealth
  3845 | D:5      | Reached skill level 2 in Evocations
  3905 | D:5      | Reached skill level 3 in Fighting
  4185 | D:5      | Reached skill level 3 in Dodging
  4683 | D:1      | Bought a scroll labelled POFERGH TUBOIMI for 32 gold pieces
  4683 | D:1      | Bought a scroll labelled MEANO KUIFO for 32 gold pieces
  4918 | D:6      | Reached skill level 3 in Evocations
  4935 | D:6      | Found a sand-covered staircase.
  4967 | D:6      | Noticed Dowan
  4968 | D:6      | Noticed Duvessa
  4985 | Ossuary  | Entered an ossuary
  5081 | Ossuary  | Noticed a wraith
  5081 | Ossuary  | Noticed a flying skull
  5090 | Ossuary  | Noticed a flying skull
  5116 | Ossuary  | Noticed a flying skull
  5124 | Ossuary  | Noticed a wraith
  5126 | Ossuary  | Killed a wraith
  5127 | Ossuary  | Reached XP level 9. HP: 50/58 MP: 9/9
  5164 | Ossuary  | Reached skill level 4 in Fighting
  5164 | Ossuary  | Reached skill level 6 in Short Blades
  5245 | D:6      | Killed Duvessa
  5246 | D:6      | Reached skill level 6 in Throwing
  5254 | D:6      | Killed Dowan
  5255 | D:6      | Reached skill level 10 in Stealth
  5634 | D:6      | Reached skill level 4 in Dodging
  5634 | D:6      | Reached skill level 4 in Evocations
  6371 | D:1      | Bought a scroll labelled POFERGH TUBOIMI for 32 gold pieces
  6437 | D:1      | Bought a scroll of identify for 28 gold pieces
  6554 | D:7      | Found a stormy altar of Qazlal.
  6673 | D:7      | Noticed a two-headed ogre
  6701 | D:7      | Killed a two-headed ogre
  6702 | D:7      | Reached skill level 5 in Fighting
  6702 | D:7      | Reached XP level 10. HP: 38/66 MP: 10/10
  6930 | D:7      | Noticed a two-headed ogre
  7052 | D:7      | Reached skill level 5 in Evocations
  7322 | D:7      | Reached skill level 7 in Short Blades
  7322 | D:7      | Reached skill level 5 in Dodging
  7368 | D:6      | HP: 3/65 [sky beast (3)]
  7368 | D:6      | Slain by a sky beast

Illustrated notes

Levels and vault maps discovered:
D:1:      dpeg_arrival_rooms_a, layout_loops_ring,
          chequers_ecumenical_altar_simple, serial_shops, shop,
          nicolae_shop_trees, shop
D:2:      layout_basic, kennysheep_generic_room_8
D:3:      layout_rooms, gup_sewer_entry_bowl,
          nicolae_concentric_dashed_squares_mild, chequers_serial_rivers_small_a
D:4:      layout_rooms, grunt_temple_overflow_open
D:5:      layout_basic, kennysheep_small_square, uniq_edmund
D:6:      layout_loops_cross, nicolae_ossuary_entry_false_entrances,
          patterned_corridor, uniq_duvessa
D:7:      layout_loops_ring, nicolae_qazlal_general_emergency,
          minmay_temple_entry_tees, serial_undead, serial_undead_a,
          serial_undead_f, serial_undead_e, serial_undead_d

Skill      XL: |  1  2  3  4  5  6  7  8  9 10 |
---------------+-------------------------------+-----
Stealth        | 6 7 8 9 10 | 10.9
Throwing       | 3 4 5 6 |  6.8
Short Blades   | 3 4 5 6 7 |  7.0
Evocations     | 1 3 4 5 |  5.2
Dodging        | 3 4 5 |  5.0
Fighting       | 3 5 |  5.4

Action                     |  1- 3 |  4- 6 |  7- 9 | 10-12 || total
---------------------------+-------+-------+-------+-------++-------
  Melee: Dagger            |    78 |   143 |   228 |   108 ||   557
         Constrict         |    16 |    24 |    40 |    20 ||   100
         Tentacles         |     7 |    36 |    66 |    44 ||   153
         Punch             |       |     2 |     3 |     2 ||     7
         Unarmed           |       |    14 |       |       ||    14
         Trident           |       |       |       |     8 ||     8
  Throw: Dart              |       |     1 |    86 |       ||    87
  Evoke: Wand              |       |       |     4 |     1 ||     5
    Use: Scroll            |       |       |     8 |     1 ||     9
   Stab: Sleeping          |    18 |     7 |    25 |       ||    50
         Distracted        |       |     1 |       |       ||     1
         Invisible         |       |       |     1 |       ||     1
 Armour: Skin              |     5 |    15 |     3 |     4 ||    27
  Dodge: Dodged            |    34 |    93 |    98 |    81 ||   306

Table legend: (Time is in decaauts)
 A = Elapsed time spent in this place.
 B = Non-inter-level travel time spent in this place.
 C = Inter-level travel time spent in this place.
 D = Time resting spent in this place.
 E = Time spent auto-exploring this place.
 F = Levels seen in this place.
 G = Mean time per level.
                   A        B        C        D        E       F      G
               +--------+--------+--------+--------+--------+-----+--------+
         Total |   7214 |   6496 |    718 |   1282 |   3090 |   9 |  801.6 |
       Dungeon |   6146 |   5428 |    718 |    865 |   2803 |   7 |  878.0 |
         Sewer |    834 |    834 |      0 |    417 |    152 |   1 |  834.0 |
       Ossuary |    233 |    233 |      0 |      0 |    135 |   1 |  233.0 |
               +--------+--------+--------+--------+--------+-----+--------+

Top non-repeatable levels by time:
     D:6: 1262 daAuts
     D:5: 1105 daAuts
     D:1: 1021 daAuts
   Sewer: 834 daAuts
     D:4: 778 daAuts
     D:2: 754 daAuts
     D:7: 732 daAuts
     D:3: 490 daAuts
 Ossuary: 233 daAuts
